Map: [ESL] Inside and Out

Players

BattleB

  • Race: Terran Terran
  • Spawn Location: 7:00

AqueroN - Winner!

  • Race: Terran Terran
  • Spawn Location: 1:00

Event: DreamHack SC2 Masters 2022 Atlanta (Online)

VOD

Have the link to the VOD?

Description

Time

  • Played on: Oct. 2, 2022, 12:38 p.m.
  • Length: 15:21

All games in this series

Show
View Real Time Build Order
Export as new Build Order

BattleB Terran 

Build Orders:  

Get SALT Encoding   

  12  0:00  SCV  
  13  0:12  SCV  
  14  0:19  Supply Depot  
  14  0:25  SCV  
  15  0:40  SCV  
  15  0:42  Barracks  
  16  0:45  Refinery  
  16  0:52  SCV  
  16  0:54  Refinery  
  17  1:04  SCV  
  18  1:17  SCV  
  19  1:29  Reaper, Orbital Command  
  20  1:33  Supply Depot  
  20  1:41  Factory  
  20  1:55  SCV  
  21  2:01  Reaper  
  21  2:07  SCV  
  23  2:17  Command Center  
  23  2:19  SCV  
  24  2:25  Hellion  
  26  2:31  SCV  
  26  2:34  Reaper  
  28  2:39  Supply Depot  
  28  2:43  SCV  
  29  2:47  Widow Mine  
  31  2:51  Starport  
  31  3:01  SCV  
  32  3:06  Barracks Reactor  
  32  3:09  Factory Tech Lab  
  32  3:13  SCV  
  33  3:21  Refinery  
  33  3:25  SCV  
  34  3:27  Cyclone  
  34  3:29  Orbital Command, Starport Tech Lab  
  37  3:37  SCV  
  38  3:43  Marine x2  
  40  3:49  SCV  
  40  3:52  Raven  
  40  3:54  SCV  
  44  3:57  Supply Depot  
  44  4:01  SCV  
  45  4:06  SCV  
  45  4:07  Siege Tank  
  47  4:10  Marine  
  47  4:13  SCV  
  43  4:19  SCV  
  43  4:28  SCV  
  43  4:29  Marine x2  
  44  4:34  SCV  
  45  4:39  Siege Tank  
  48  4:47  SCV x2, Marine x2  
  52  4:59  SCV x2  
  54  5:00  Command Center  
  54  5:03  Refinery  
  54  5:06  Raven  
  56  5:12  SCV x2  
  58  5:14  Supply Depot  
  57  5:27  SCV x2  
  62  5:35  Siege Tank  
  62  5:39  SCV  
  62  5:46  Supply Depot, SCV  
  62  5:47  Marine x2  
  65  5:51  Raven  
  65  5:53  SCV  
  68  5:58  SCV  
  67  6:05  SCV  
  67  6:09  Marine x2  
  67  6:10  Siege Tank  
  73  6:11  Orbital Command  
  73  6:14  SCV  
  73  6:17  SCV  
  75  6:23  Supply Depot  
  75  6:29  Marine x2  
  77  6:33  SCV x2  
  79  6:44  SCV  
  79  6:45  SCV  
  81  6:48  Siege Tank  
  81  6:50  SCV  
  78  6:58  Stimpack  
  78  6:59  Viking x2  
  72  7:02  SCV x2  
  72  7:04  SCV, Marine  
  75  7:14  Barracks  
  75  7:15  Barracks  
  75  7:16  SCV x2  
  77  7:23  Engineering Bay x2  
  77  7:29  Viking x2  
  81  7:34  SCV x2  
  81  7:35  Marine  
  81  7:36  Siege Tank  
  87  7:44  Supply Depot  
  87  7:46  SCV x2  
  87  7:47  SCV  
  90  7:52  Terran Infantry Weapons Level 1, Marine  
  87  8:02  Missile Turret  
  87  8:03  Missile Turret  
  87  8:04  SCV x2  
  89  8:06  Barracks Reactor  
  89  8:07  Barracks Reactor  
  89  8:11  Viking  
  91  8:15  Viking  
  91  8:19  Marine  
  94  8:22  Siege Tank  
  95  8:28  Terran Infantry Armor Level 1  
  95  8:32  Supply Depot  
  95  8:34  SCV  
  95  8:35  SCV x2  
  95  8:37  Marine  
  95  8:39  Combat Shield  
  103  8:48  Marine x2  
  103  8:49  Marine  
  103  8:50  Marine  
  103  8:55  Marine  
  108  8:57  Viking x2  
  108  9:06  Marine x2  
  108  9:09  Marine x2  
  109  9:10  Siege Tank  
  109  9:16  Marine  
  113  9:22  Orbital Command  
  113  9:25  Barracks, SCV x2  
  113  9:26  Barracks  
  113  9:27  Marine x2  
  117  9:33  Supply Depot  
  117  9:34  Marine x3  
  120  9:39  Viking x2  
  120  9:45  Marine  
  125  9:46  Marine  
  125  9:52  Marine  
  113  9:53  Siege Tank  
  113  9:54  Marine  
  113  9:55  SCV x2  
  113  9:57  Marine  
  113  9:58  SCV  
  118  10:07  Marine x2  
  118  10:10  Marine  
  118  10:12  Supply Depot  
  118  10:13  Liberator  
  123  10:23  Liberator  
  123  10:27  Marine x2  
  128  10:37  Siege Tank  
  131  10:46  Marine x2  
  131  10:47  Marine  
  131  10:48  Marine  
  135  10:56  Marine x2  
  119  11:08  Marine x2  
  121  11:16  Medivac x2  
  123  11:18  Orbital Command  
  120  11:35  SCV x2  
  120  11:36  Refinery  
  120  11:41  Refinery  
  120  11:42  Refinery  
  120  11:44  SCV  
  120  11:47  SCV x2  
  118  11:56  SCV, Marine x3  
  118  11:57  Barracks Tech Lab x2  
  118  11:59  SCV x2, Siege Tank  
  127  12:06  Refinery x2  
  129  12:11  Marine x2  
  129  12:13  SCV x2  
  133  12:16  Medivac x2  
  133  12:22  Marine  
  132  12:26  Marine x2  
  132  12:27  SCV  
  132  12:28  Marine  
  129  12:32  Siege Tank  
  115  12:46  Marine x3  
Show
View Real Time Build Order
Export as new Build Order

AqueroN Terran - Winner!

Build Orders: Liberator Opening, Mech 

Get SALT Encoding   

  12  0:00  SCV  
  13  0:12  SCV  
  14  0:17  Supply Depot  
  14  0:24  SCV  
  15  0:38  SCV  
  15  0:40  Barracks  
  16  0:43  Refinery  
  16  0:50  SCV  
  16  0:52  Refinery  
  17  1:03  SCV  
  18  1:15  SCV  
  19  1:27  Reaper, Orbital Command  
  19  1:29  Supply Depot  
  20  1:43  Factory  
  20  1:52  SCV  
  21  1:59  Barracks Reactor  
  21  2:05  SCV  
  22  2:17  SCV  
  23  2:24  Supply Depot  
  23  2:27  Hellion  
  25  2:30  Starport  
  25  2:32  SCV  
  25  2:35  Reaper  
  25  2:36  Reaper  
  28  2:44  SCV  
  28  2:46  Supply Depot  
  28  2:48  Hellion  
  31  2:56  SCV  
  32  3:07  Reaper  
  32  3:08  SCV, Reaper  
  32  3:10  Supply Depot, Hellion  
  37  3:13  Medivac  
  39  3:31  Hellion  
  41  3:40  Command Center  
  41  3:45  Liberator  
  44  3:52  Marine x2  
  44  3:54  SCV, Factory Tech Lab  
  47  4:01  Supply Depot  
  47  4:10  Marine x2  
  42  4:32  Marine x2, Starport Tech Lab  
  42  4:35  Siege Tank  
  42  4:38  SCV  
  43  4:50  SCV, Marine x2  
  43  4:51  Banshee, Cloaking Field  
  49  4:57  Orbital Command  
  49  5:00  Refinery  
  49  5:08  Marine x2  
  49  5:12  SCV  
  52  5:15  Siege Tank  
  52  5:18  Supply Depot  
  55  5:23  SCV  
  55  5:25  SCV  
  55  5:27  Marine x2  
  59  5:33  Banshee  
  63  5:35  SCV  
  63  5:37  SCV  
  63  5:39  Refinery  
  64  5:44  Marine x2  
  64  5:47  SCV, Siege Tank  
  70  5:51  Supply Depot, SCV  
  68  6:05  SCV x2  
  70  6:14  Supply Depot  
  70  6:16  Factory  
  70  6:17  SCV x2  
  72  6:19  Siege Tank  
  75  6:29  SCV x2  
  75  6:30  Starport Reactor  
  77  6:43  SCV x2  
  79  6:49  Supply Depot  
  79  6:50  Supply Depot, Factory  
  79  6:51  Siege Tank  
  70  6:55  SCV x2  
  69  7:05  Factory Tech Lab, Marine x2  
  69  7:07  SCV  
  72  7:10  SCV  
  72  7:13  Viking  
  72  7:14  Viking  
  77  7:19  SCV  
  78  7:23  Marine x2  
  78  7:26  Siege Tank  
  84  7:30  Siege Tank  
  84  7:36  Factory Reactor  
  86  7:43  Viking  
  86  7:44  Viking  
  90  7:50  Command Center  
  90  7:58  Siege Tank  
  93  8:06  Siege Tank, Marine x2  
  98  8:14  Armory  
  98  8:15  Hellion x2  
  102  8:21  Viking x2  
  102  8:24  Marine x2  
  102  8:26  SCV x2  
  110  8:35  Siege Tank  
  110  8:36  Supply Depot x2  
  110  8:38  SCV x2  
  115  8:42  Hellion, Marine  
  118  8:51  Siege Tank, Marine  
  118  8:52  Supply Depot, Hellion  
  124  9:01  Viking x2  
  128  9:08  Terran Vehicle Weapons Level 1, Hellion  
  130  9:11  SCV x2  
  130  9:13  Refinery  
  132  9:18  Siege Tank  
  132  9:23  SCV x2  
  137  9:29  Orbital Command  
  137  9:30  Refinery  
  137  9:34  Viking  
  138  9:44  Viking  
  138  10:03  Siege Tank  
  138  10:04  Viking, Siege Tank, Hellion x2  
  145  10:23  SCV x3  
  145  10:24  Factory  
  145  10:25  Factory  
  148  10:35  SCV x3  
  153  10:39  Siege Tank x2  
  153  10:42  Hellion x2  
  157  10:46  Command Center  
  148  11:04  Hellion x2, Terran Vehicle Weapons Level 2  
  152  11:22  Thor, Factory Tech Lab, Factory Reactor  
  152  11:23  Thor  
  149  11:26  Engineering Bay  
  149  11:29  Armory  
  149  11:30  Supply Depot x2  
  149  11:34  Smart Servos, Infernal Pre-Igniter  
  149  11:35  Hellion x2  
  150  11:50  Starport Reactor  
  150  11:52  Thor  
  156  11:56  Supply Depot x2  
  156  12:02  SCV x3  
  156  12:07  Missile Turret  
  156  12:08  Thor, Missile Turret  
  165  12:10  Refinery  
  165  12:12  Hellion  
  167  12:17  Refinery  
  155  12:23  Hellion x2  
  155  12:28  Siege Tank  
  50  12:59  Viking  
  47  13:12  Viking  
  42  13:29  Viking  
  43  13:42  Viking  
  43  14:00  Viking  
Tags
 
Add a new tag
Caveats
  • Supply blocks, unpowered buildings, or Contaminate may cause inaccurate times.
  • Supply counts are checked every 10 seconds.